 Dungeon Crawl Stone Soup version 0.23.0-28-g6fe0f4d (webtiles) character file.

Game seed: 0

979 misha the Poker (level 8, -4/64 HPs)
             Began as a Merfolk Berserker on Feb 25, 2019.
             Was a Priest of Trog.
             Killed from afar by a raiju (24 damage)
             ... with a living lightning
             ... on level 1 of the Abyss on Feb 26, 2019.
             The game lasted 00:19:43 (5311 turns).

misha the Poker (Merfolk Berserker)                 Turns: 5311, Time: 00:19:44

Health: -4/64      AC:  7    Str: 19      XL:     8   Next: 17%
Magic:  8/8        EV: 14    Int:  7      God:    Trog [***...]
Gold:   267        SH: 11    Dex: 12 (13) Spells: 7/7 levels left

rFire    . . .     SeeInvis .   a - +3 spear
rCold    . . .     Gourm    .   z - +0 shield
rNeg     . . .     Faith    .   h - +0 leather armour
rPois    .         Spirit   .   (no helmet)
rElec    .         Reflect  +   x - +0 cloak
rCorr    .         Harm     .   p - +0 pair of gloves
MR       .....                  (boots currently unavailable)
Stlth    +++.......             k - +4 amulet of reflection
HPRegen  0.20/turn              g - +2 ring of protection
MPRegen  0.11/turn              (no ring)

@: very quick
A: change form in water, swift swim, stealthy swim
a: Berserk, Trog's Hand, Renounce Religion


You were on level 1 of the Abyss.
You worshipped Trog.
Trog was most pleased with you.
You were near starving.

You visited 1 branch of the dungeon, and saw 5 of its levels.
You visited the Abyss 1 time.

You collected 267 gold pieces.

Inventory:

Hand Weapons
 a - a +3 spear (weapon)
 b - a +1 short sword of venom
 f - a +0 spear
 w - a +3 quarterstaff of chaos
 E - a cursed +0 hunting sling
Missiles
 r - 132 stones (quivered)
 y - 12 poisoned needles
Armour
 h - a +0 leather armour (worn)
 p - a +0 pair of gloves (worn)
 x - a +0 cloak (worn)
 z - a +0 shield (worn)
Jewellery
 g - a +2 ring of protection (left hand)
 k - a +4 amulet of reflection (around neck)
 B - an uncursed amulet of guardian spirit {unknown}
Wands
 H - a wand of disintegration (17)
Scrolls
 d - 5 scrolls of identify
 e - a scroll of amnesia
 l - a scroll of enchant weapon {unknown}
 m - a scroll of teleportation {unknown}
 o - 2 scrolls of immolation {unknown}
 q - 6 scrolls of remove curse {unknown}
 v - a scroll of magic mapping {unknown}
 A - a scroll of fog {unknown}
 D - a scroll of noise {unknown}
Potions
 i - a potion of might {unknown}
 j - a potion of berserk rage {unknown}
 n - a potion of experience {unknown}
 s - a potion of curing {unknown}
 t - 2 potions of flight
 u - a potion of haste {unknown}
 C - a potion of heal wounds {unknown}
 F - a potion of magic {unknown}
 G - a potion of resistance {unknown}
Comestibles
 c - 5 rations


   Skills:
 + Level 5.7 Fighting
 + Level 3.8 Short Blades
 + Level 7.5 Polearms
 - Level 1.4 Armour
 + Level 6.0 Dodging
 + Level 4.6 Stealth
 + Level 0.8 Shields


You had 7 spell levels left.
You didn't know any spells.
Your spell library was empty.

Dungeon Overview and Level Annotations

Branches:
Dungeon (5/15)
 Temple: D:4-7

Altars:
Ashenzari
Kikubaaqudgha

Annotations:
D:5 Sigmund


Message History

Your ogre closely misses the raiju.
The raiju bites your ogre. The raiju shocks your ogre!
Your ogre barely misses the raiju.
The chaos spawn gores your ogre!
Your ogre dies!
Your ogre's corpse disappears in a puff of smoke!
You barely miss the raiju.
The raiju is almost dead.
You hit the raiju.
Your tail-slap misses the raiju.
The raiju is almost dead.
The raiju misses you. You block the chaos spawn's attack.
You closely miss the raiju.
Your tail-slap misses the raiju.
The raiju is almost dead.
The raiju splashes around in the water.
The chaos spawn hits you but does no damage.
You miss the raiju.
The raiju is almost dead.
The raiju bursts into living lightning!
The living lightning hits you!!
You die...

..≈≈≈.#.##....# #
#≈≈≈.### #..####
..##.≈≈≈..##......#
#...≈≈≈....#...
#..#≈≈≈......#....
#..≈≈≈....# ## ## .
# .#≈≈≈# .#. ...
#≈≈.#.. . .. .
#≈≈@#.. ### .
#.≈4h#.#.[...#
.....≈≈≈.#. ##. ..
.....#≈≈≈# # ..
###.##≈≈≈# . ..#
#≈≈≈. # .## ..≈≈.
##≈≈##


You could see a raiju and a chaos spawn.

Vanquished Creatures
  An ogre (D:4)
  2 phantoms (D:4)
  A small abomination (Abyss:1)
  A howler monkey (D:4)
  A quasit (Abyss:1)
  A hound (D:4)
  A jelly (Abyss:1)
  2 orc priests
  A bullfrog skeleton (D:4)
  An orc wizard (D:4)
  Crazy Yiuf (D:3)
  An iguana (D:4)
  4 worker ants
  Terence (D:3)
  Robin (D:3)
  5 adders
  A white imp (Abyss:1)
  2 oozes
  2 adder skeletons (D:4)
  3 worms
  4 dart slugs
  6 leopard geckos
  19 orcs
  2 ball pythons
  2 giant cockroaches
  19 goblins
  14 hobgoblins
  9 jackals
  8 kobolds
  A quokka (D:2)
  14 bats
  12 frilled lizards
  6 rats
  A rat zombie (D:3)
150 creatures vanquished.

Vanquished Creatures (collateral kills)
  A small abomination (Abyss:1)
1 creature vanquished.

Vanquished Creatures (others)
  4 toadstools (D:1)
4 creatures vanquished.

Grand Total: 155 creatures vanquished

Notes
Turn   | Place    | Note
-------+----------+-------------------------------------------
     0 | D:1      | misha the Merfolk Berserker began the quest for the Orb.
     0 | D:1      | Reached XP level 1. HP: 18/18 MP: 1/1
   111 | D:1      | Reached XP level 2. HP: 20/24 MP: 2/2
   452 | D:1      | Found a shattered altar of Ashenzari.
   493 | D:1      | Reached skill level 5 in Polearms
   493 | D:1      | Reached XP level 3. HP: 30/30 MP: 3/3
   515 | D:1      | Reached ** piety under Trog
   567 | D:1      | Reached skill level 1 in Stealth
   893 | D:2      | Reached XP level 4. HP: 11/37 MP: 4/4
  2059 | D:2      | Reached XP level 5. HP: 42/42 MP: 5/5
  2545 | D:3      | Noticed Robin
  2571 | D:3      | Reached *** piety under Trog
  2576 | D:3      | Killed Robin
  2774 | D:3      | Reached skill level 1 in Short Blades
  2933 | D:3      | Reached skill level 6 in Polearms
  2933 | D:3      | Reached XP level 6. HP: 37/49 MP: 6/6
  3161 | D:3      | Noticed Terence
  3174 | D:3      | Killed Terence
  3395 | D:3      | Found a faded altar of an unknown god.
  3711 | D:3      | Found a runed translucent door.
  3712 | D:3      | Noticed Crazy Yiuf
  3795 | D:3      | Found an ancient bone altar of Kikubaaqudgha.
  3895 | D:3      | Killed Crazy Yiuf
  4078 | D:4      | Reached skill level 5 in Fighting
  4086 | D:4      | Reached skill level 5 in Dodging
  4086 | D:4      | Reached XP level 7. HP: 29/56 MP: 7/7
  4394 | D:4      | Reached skill level 7 in Polearms
  4955 | D:4      | Reached **** piety under Trog
  4955 | D:4      | Reached XP level 8. HP: 63/63 MP: 8/8
  5151 | D:5      | Entered Level 5 of the Dungeon
  5218 | D:5      | Noticed Sigmund
  5224 | D:5      | Cast into level 1 of the Abyss (Sigmund)
  5271 | Abyss:1  | Noticed a raiju
  5311 | Abyss:1  | Killed from afar by a raiju

Skill      XL: |  1  2  3  4  5  6  7  8 |
---------------+-------------------------+-----
Dodging        | 3 4 5 6 |  6.0
Polearms       | 5 6 7 |  7.5
Stealth        | 1 2 3 4 |  4.6
Fighting       | 4 5 |  5.7
Short Blades   | 1 2 3 |  3.8
Armour         | |  1.4
Shields        | |  0.8

Action                   |  1- 3 |  4- 6 |  7- 9 || total
-------------------------+-------+-------+-------++-------
Melee: Spear             |   124 |   284 |    78 ||   486
       Short sword       |       |    37 |    51 ||    88
       Tailslap          |       |       |     4 ||     4
Invok: Berserk           |     1 |     2 |     2 ||     5
       Trog's Hand       |       |     2 |       ||     2
       Brothers in Arms  |       |       |     1 ||     1
  Use: Scroll            |       |       |     2 ||     2
 Stab: Sleeping          |     2 |     4 |     1 ||     7
       Distracted        |       |     2 |     1 ||     3
  Eat: Ration            |       |     2 |     2 ||     4
       Chunk             |       |     5 |       ||     5
Armor: Animal skin       |    13 |       |       ||    13
       Leather armour    |     7 |    56 |    21 ||    84
       Skin              |       |     1 |       ||     1
Dodge: Dodged            |    70 |   152 |    45 ||   267
Block: Other             |       |    26 |     7 ||    33
       Shield            |       |       |    52 ||    52
